 Dungeon Crawl Stone Soup version 0.25-a0-55-g0753fd1ad2 (webtiles) character file.

Game seed: 4386863050484251832, levelgen mode: deterministic

35 Menyeteske the Grave Robber (level 3, -9/19 HPs)
             Began as a Vampire Necromancer on Oct 25, 2019.
             Killed from afar by a goblin (14 damage)
             ... with an exploding inner flame
             ... led by Robin
             ... hexed by the player character
             ... on level 3 of the Dungeon.
             The game lasted 00:15:00 (1626 turns).

Menyeteske the Grave Robber (Vampire Necromancer)   Turns: 1626, Time: 00:15:00

Health: -9/19      AC:  2    Str:  7    XL:     3   Next: 16%
Magic:  2/6        EV: 13    Int: 18    God:
Gold:   118        SH:  0    Dex: 14    Spells: 4/6 levels left

rFire    . . .     SeeInvis +   (no weapon)
rCold    . . .     Gourm    .   (no shield)
rNeg     . . .     Faith    .   a - +0 robe
rPois    .         Spirit   .   (no helmet)
rElec    .         Reflect  .   (no cloak)
rCorr    .         Harm     .   (no gloves)
MR       +....                  (no boots)
Stlth    ++........             j - amulet of rage
HPRegen  0.26/turn              d - ring of protection from magic
MPRegen  0.10/turn              (no ring)

@: regenerating quickly
A: no food, fangs 3, see invisible, frail 1[+1], wild magic 1, unbreathing
a: Exsanguinate, Evoke Berserk Rage


You were on level 3 of the Dungeon.
You were alive.

You visited 1 branch of the dungeon, and saw 3 of its levels.

You collected 118 gold pieces.

Inventory:

Missiles
 b - 14 poisoned darts (quivered)
 h - 19 arrows
Armour
 a - a +0 robe (worn)
Jewellery
 d - a ring of protection from magic (left hand)
 j - an amulet of rage (around neck)
Scrolls
 g - a scroll of amnesia
 i - 2 scrolls of identify
 k - a scroll of remove curse


   Skills:
 + Level 2.7 Dodging
 + Level 3.5 Stealth
 + Level 0.2 Unarmed Combat
 + Level 2.3 Spellcasting
 + Level 4.8 Necromancy


You had 4 spell levels left.
You knew the following spells:

 Your Spells              Type           Power        Failure   Level  Hunger
a - Pain                  Necr           ####         4%          1    N/A
b - Animate Skeleton      Necr           N/A          4%          1    N/A

Your spell library contained the following spells:

 Spells                   Type           Power        Failure   Level  Hunger
 Vampiric Draining        Necr           ####......   11%         3    N/A
 Regeneration             Chrm/Necr      ##........   26%         3    N/A
 Animate Dead             Necr           N/A          32%         4    N/A

Dungeon Overview and Level Annotations

Branches:
Dungeon (3/15)

Altars:
Trog

Annotations:
D:2 Robin


Innate Abilities, Weirdness & Mutations

You do not eat.
Your natural rate of healing is unusually fast.
You have razor-sharp teeth.
You have supernaturally acute eyesight. (SInv)
You can survive without breathing.
Your spells are a little harder to cast, but a little more powerful.
[You are very frail. (-20% HP)]


Message History

The goblin hits you.
* * * LOW HITPOINT WARNING * * *
You are starting to lose your buoyancy.
Found a scroll labeled EXITENOGO.
Found 15 stones.
Found a stone staircase leading down.
You float gracefully downwards.
You start to feel less resistant.
You see here a scroll labeled EXITENOGO.
c - a scroll labeled EXITENOGO Your resistance to elements expires.
The goblin closely misses you.
As you read the scroll labeled EXITENOGO, it crumbles to dust.
The creatures around you are filled with an inner flame!
It was a scroll of immolation.
The goblin barely misses you.
You hit the goblin.
The goblin explodes!
The fiery explosion engulfs you!
Ouch! That really hurt!
You die...

..# ... ### #.# ##.. ###
#.# ##... . #.. #.#
#.... ... #.# #.# #....
.....##§###(## #....
#......@§l...#######....
#....##§###.......).....
### #.# #.####..###...
..##...........#..
.####..########.### #.
#..# ### # >..# ###.#
#.#


You could see a frilled lizard (inner flame).

Vanquished Creatures
  An adder (D:2)
  A worm (D:2)
  A leopard gecko (D:2)
  An orc (D:3)
  A giant cockroach (D:2)
  2 goblins
  6 hobgoblins
  2 bats (D:1)
  2 rats (D:2)
17 creatures vanquished.

Vanquished Creatures (collateral kills)
  2 goblins (D:2)
  A rat (D:2)
3 creatures vanquished.

Grand Total: 20 creatures vanquished

Notes
Turn   | Place    | Note
-------+----------+-------------------------------------------
     0 | D:1      | Menyeteske the Vampire Necromancer began the quest for the
                  | Orb.
     0 | D:1      | Reached XP level 1. HP: 13/13 MP: 3/3
   828 | D:1      | Reached XP level 2. HP: 9/15 MP: 3/5
   837 | D:1      | Learned a level 1 spell: Animate Skeleton
  1207 | D:2      | Found a bloodstained altar of Trog.
  1511 | D:2      | Noticed Robin
  1553 | D:2      | Reached XP level 3. HP: 7/21 MP: 4/6
  1582 | D:2      | Gained mutation: [You are very frail. (-20% HP)] [potion of
                  | mutation]
  1582 | D:2      | Gained mutation: Your spells are a little harder to cast,
                  | but a little more powerful. [potion of mutation]
  1626 | D:3      | Killed from afar by a goblin

Levels and vault maps discovered:
D:1:      mrwooster_arrival_statue, layout_loops_ring
D:2:      cheibrodos_helix_gallery, layout_rooms, old_standard_altar,
          minmay_ruptured, uniq_robin
D:3:      layout_rooms, nicolae_dithmenos_shadow_blocks,
          nicolae_overflow_crystal_walls, ebering_ghost_gozag

Table legend:
 A = Non-vault XP
 B = Vault XP
 C = Vault XP percentage of total XP
 D = Non-vault monster count
 E = Vault monster count
 F = Vault count percentage of total count
                 A         B        C        D         E       F
            +---------+---------+-------+---------+---------+-------
      Total |      44 |       6 |  12.0 |      16 |       4 |  20.0
            +---------+---------+-------+---------+---------+-------
        D:1 |      15 |       0 |   0.0 |       8 |       0 |   0.0
        D:2 |      26 |       6 |  18.8 |       7 |       4 |  36.4
        D:3 |       3 |       0 |   0.0 |       1 |       0 |   0.0
            +---------+---------+-------+---------+---------+-------
